 Dungeon Crawl Stone Soup version 0.31-a0-702-gf82c85558f (webtiles) character file.

Game seed: 1322994564582207509

95 qw the Shooter (level 4, -3/28 HPs)
             Began as a Gargoyle Hunter on Sept 7, 2023.
             Frozen to death by an endoplasm (5 damage)
             ... on level 3 of the Dungeon.
             The game lasted 00:00:33 (1496 turns).

qw the Shooter (Gargoyle Hunter)                    Turns: 1496, Time: 00:00:33

Health: -3/28      AC:  6    Str: 12 (14) XL:     4   Next: 65%
Magic:  4/4        EV: 11    Int:  9 (10) God:
Gold:   34         SH:  0    Dex: 15      Spells: 3/3 levels left

rFire   . . .        Y - +0 shortbow
rCold   . . .        (shield currently unavailable)
rNeg    + . .        c - +0 leather armour
rPois   inf          (no helmet)
rElec   +            (no cloak)
rCorr   .            (no gloves)
SInv    .            (no boots)
Will    .....        (no amulet)
Stlth   ++           (no ring)
HPRegen 0.24/turn    (no ring)
MPRegen 0.09/turn

%: no passive effects
@: no status effects
A: sickness immunity, AC +3, negative energy resistance 1, electricity
resistance, torment resistance 1, petrification resistance
a: no special abilities


You were on level 3 of the Dungeon.
You visited 1 branch of the dungeon, and saw 3 of its levels.

You collected 56 gold pieces.
You spent 22 gold pieces at shops.


Innate Abilities, Weirdness & Mutations

You are immune to sickness and miasma.
Your stone body is resilient. (AC +3)
You are immune to poison.
You resist negative energy. (rN+)
You are resistant to electric shocks. (rElec)
You are resistant to unholy torment.
You are immune to petrification.


   Skills:
 - Level 3.0 Fighting
 + Level 5.5 Ranged Weapons
 - Level 1.5 Dodging
 - Level 1.1 Stealth


You had 3 spell levels left.
You didn't know any spells.
Your spell library was empty.

Inventory:

Hand Weapons
 Y - a +0 shortbow (weapon)
Armour
 c - a +0 leather armour (worn)
Scrolls
 f - a scroll of identify
Potions
 b - a potion of attraction {unknown}
 d - a potion of berserk rage {unknown}
 e - a potion of heal wounds {unknown}
 g - a potion of enlightenment {unknown}
 i - a potion of curing {unknown}
 j - a potion of lignification {unknown}

Dungeon Overview and Level Annotations

Branches:
Dungeon (3/15)

Altars:

Shops:
D:1 *(


Message History

The endoplasm is moderately wounded.
You hear a shout!
You shoot an arrow.
The arrow hits the endoplasm but does no damage.
The endoplasm is moderately wounded.
Ijyb the Twisted Goblin comes into view.
She is wielding a +0 club and carrying a wand of flame.
You shoot an arrow. The arrow misses Ijyb.
Ijyb zaps a wand.
The puff of flame hits you.
You shoot an arrow. The arrow hits Ijyb!
Ijyb is moderately wounded.
Ijyb zaps a wand.
The puff of flame hits you.
You shoot an arrow. The arrow hits Ijyb.
Ijyb is moderately wounded.
You shoot an arrow. The arrow misses Ijyb.
Ijyb zaps a wand.
The puff of flame hits you!
You shoot an arrow. The arrow barely misses Ijyb.
Ijyb screams, "Die!"
Ijyb hits you but does no damage.
You shoot an arrow. The arrow hits Ijyb!
Ijyb is severely wounded.
Ijyb hits you but does no damage. x2
You shoot an arrow. The arrow hits Ijyb.
Ijyb is almost dead.
Ijyb screams, "It's all mine!"
Ijyb closely misses you.
You shoot an arrow. The arrow hits Ijyb.
Ijyb is almost dead.
Ijyb zaps a wand.
The puff of flame hits you.
You shoot an arrow. The arrow closely misses Ijyb.
Ijyb hits you with a +0 club.
You shoot an arrow. The arrow hits Ijyb.
You kill Ijyb!
You feel your intelligence returning.
You feel your dexterity returning.
You shoot an arrow.
The arrow hits the endoplasm but does no damage.
The endoplasm is moderately wounded.
The endoplasm hits you. The endoplasm freezes you.
You are frozen.
You die...

. .. ... ....
##########.....
........J......
.......@#
#.....%.#
.......<#
#.......#
####.#### #..
#( .. ..


You could see an endoplasm.

Vanquished Creatures
  Ijyb (D:3)
  3 adders (D:2)
  A dart slug (D:2)
  An orc (D:2)
  6 ball pythons (D:1)
  3 bats
  5 endoplasms
  A giant cockroach (D:2)
  5 goblins
  2 hobgoblins
  A kobold (D:1)
  3 quokkas (D:1)
  3 frilled lizards (D:1)
  3 rats
38 creatures vanquished.

Notes
Turn   | Place    | Note
-------+----------+-------------------------------------------
     0 | D:1      | qw the Gargoyle Hunter began the quest for the Orb.
     0 | D:1      | Reached XP level 1. HP: 12/12 MP: 1/1
     0 | D:1      | 0 ||| qw: Version: 0.3-a-76-g4403597
     0 | D:1      | 0 ||| qw: Game counter: 883
     0 | D:1      | 0 ||| qw: Melee chars always use a shield: true
     0 | D:1      | 0 ||| qw: God list: Okawaru
     0 | D:1      | 0 ||| qw: Allow faded altars: false
     0 | D:1      | 0 ||| qw: Do Orc after clearing Dungeon:15 true
     0 | D:1      | 0 ||| qw: Do second Lair branch before Depths: true
     0 | D:1      | 0 ||| qw: Lair rune preference: random
     0 | D:1      | 0 ||| qw: Goals: Normal
     0 | D:1      | 0 ||| PLANNING D:1-11
   122 | D:1      | Reached XP level 2. HP: 17/17 MP: 2/2
   132 | D:1      | 132 ||| DROPPING scroll of butterflies.
   182 | D:1      | Found Beowk's Antique Weapon Shoppe.
   235 | D:1      | Found Goanuha's Assorted Antiques.
   243 | D:1      | 243 ||| BUYING bubbling purple potion (22 gold).
   243 | D:1      | Bought a bubbling purple potion for 22 gold pieces
   243 | D:1      | 243 ||| SHOPLISTING dented steel amulet (125 gold, have 7).
   243 | D:1      | 243 ||| SHOPLISTING fizzy coppery potion (22 gold, have 7).
   243 | D:1      | 243 ||| SHOPLISTING metallic blue potion (22 gold, have 7).
   243 | D:1      | 243 ||| SHOPLISTING ring mail (100 gold, have 7).
   243 | D:1      | 243 ||| SHOPLISTING runed sapphire amulet (125 gold, have
                  | 7).
   243 | D:1      | 243 ||| SHOPLISTING scroll labelled JASSUS NODDEVAIPH (25
                  | gold, have 7).
   444 | D:1      | Reached XP level 3. HP: 21/21 MP: 3/3
   523 | D:1      | Reached skill level 5 in Ranged Weapons
   676 | D:1      | 676 ||| READING scroll labelled KUILE WAZAMI.
   677 | D:1      | 677 ||| READING 2 scrolls labelled YVEECU XYUGH.
   678 | D:1      | 678 ||| READING scroll labelled KEXOUPTU GUGOF.
   918 | D:2      | Reached skill level 3 in Fighting
  1320 | D:2      | Reached XP level 4. HP: 28/28 MP: 4/4
  1413 | D:2      | 1413 ||| DRINKING 3 dark potions.
  1414 | D:2      | 1414 ||| DROPPING 2 potions of degeneration.
  1435 | D:3      | 1435 ||| STAIRDANCE
  1453 | D:3      | 1453 ||| STAIRDANCE
  1485 | D:3      | Noticed Ijyb
  1493 | D:3      | HP: 7/28 [Ijyb/puff of flame (6)]
  1494 | D:3      | HP: 2/28 [Ijyb/+0 club (5)]
  1495 | D:3      | Killed Ijyb
  1496 | D:3      | Frozen to death by an endoplasm

Levels and vault maps discovered:
D:1:      dpeg_arrival_central, layout_loops_ring, serial_shops, shop,
          nicolae_shop_dealshenge, minmay_misc_feat_pillars
D:2:      layout_basic
D:3:      layout_rooms, okawaru_ov_weapons_minmay, serial_shops,
          nicolae_shop_bloodbath_and_beyond, nicolae_shop_tiny_waterfront,
          hex_tiny, uniq_natasha, uniq_ijyb, uniq_grinder

Skill      XL: |  1  2  3 |
---------------+----------+-----
Ranged Weapons | 5 |  5.5
Fighting       | 3 |  3.0
Dodging        | |  1.5
Stealth        | |  1.1

Action                     |  1- 3 |  4- 6 || total
---------------------------+-------+-------++-------
   Fire: Shortbow          |    95 |    25 ||   120
    Use: Scroll            |     3 |       ||     3
         Potion            |       |     1 ||     1
 Armour: Leather armour    |    25 |    21 ||    46
  Dodge: Dodged            |    33 |     6 ||    39

Table legend:
 A = Non-vault XP
 B = Vault XP
 C = Vault XP percentage of total XP
 D = Non-vault monster count
 E = Vault monster count
 F = Vault count percentage of total count
                 A         B        C        D         E       F
            +---------+---------+-------+---------+---------+-------
      Total |     100 |      36 |  26.5 |      37 |       1 |   2.6
            +---------+---------+-------+---------+---------+-------
        D:1 |      41 |       0 |   0.0 |      24 |       0 |   0.0
        D:2 |      58 |       0 |   0.0 |      12 |       0 |   0.0
        D:3 |       1 |      36 |  97.3 |       1 |       1 |  50.0
            +---------+---------+-------+---------+---------+-------
